 Dungeon Crawl Stone Soup version 0.22-a0-779-g6f83d72c62 (webtiles) character file.

431 Holzbalken the Digger (level 7, 0/36 HPs)
             Began as a Gargoyle Earth Elementalist on July 19, 2018.
             Slain by an orc
             ... wielding a +6 short sword of protection
              (4 damage)
             ... on level 5 of the Dungeon.
             The game lasted 00:17:31 (3956 turns).

Holzbalken the Digger (Gargoyle Earth Elementalist) Turns: 3956, Time: 00:17:31

Health: 0/36       AC: 14    Str: 12    XL:     7   Next: 0%
Magic:  1/12       EV: 12    Int: 17    God:
Gold:   245        SH:  0    Dex: 10    Spells: 7/13 levels left

rFire    . . .     SeeInvis .   e - +2 mace (protect)
rCold    . . .     Gourm    .   (no shield)
rNeg     + . .     Faith    .   c - +1 robe
rPois    ∞         Spirit   .   (no helmet)
rElec    +         Reflect  .   (no cloak)
rCorr    +         Harm     .   (no gloves)
MR       .....                  (no boots)
Stlth    +++.......             (no amulet)
HPRegen  0.12/turn              b - ring of stealth
MPRegen  0.13/turn              j - ring of resist corrosion

@: protection aura, slowed, very slow
A: negative energy resistance 1, electricity resistance, unbreathing,
petrification resistance, rot immunity, AC +4
a: no special abilities


You were on level 5 of the Dungeon.
You were not hungry.

You visited 1 branch of the dungeon, and saw 5 of its levels.

You collected 245 gold pieces.

Inventory:

Hand Weapons
 e - a +2 mace of protection (weapon)
Missiles
 o - 136 stones (quivered)
Armour
 c - a +1 robe (worn)
Jewellery
 b - a ring of stealth (left hand)
 j - a ring of resist corrosion (right hand)
Scrolls
 f - 4 scrolls of identify
 g - a scroll of enchant armour
 m - 2 scrolls of remove curse
 t - a scroll of enchant weapon
 u - a scroll of teleportation {unknown}
Potions
 a - a potion of brilliance {unknown}
 h - 2 potions of heal wounds {unknown}
 i - 4 potions of curing
 k - a potion of degeneration {unknown}
 l - a potion of mutation {unknown}
 p - a potion of agility {unknown}
 q - a potion of flight {unknown}
 r - a potion of might {unknown}
 s - a potion of invisibility {unknown}
Comestibles
 d - 5 rations


   Skills:
 - Level 1.5 Dodging
 - Level 2.1 Stealth
 + Level 3.8 Spellcasting
 + Level 3.0 Conjurations
 - Level 0.7 Transmutations
 * Level 7.1 Earth Magic


You had 7 spell levels left.
You knew the following spells:

 Your Spells              Type           Power        Failure   Level  Hunger
a - Sandblast             Erth           ####..       1%          1    None
b - Passwall              Tmut/Erth      ###.....     4%          2    ##.....
c - Stone Arrow           Conj/Erth      ###...       6%          3    ###....

Your spell library contained the following spells:

 Spells                   Type           Power        Failure   Level  Hunger
 Lee's Rapid Deconstruct  Erth           ####......   24%         5    ######.
 Petrify                  Tmut/Erth      ###.....     32%         4    ####...


Dungeon Overview and Level Annotations

Branches:
Dungeon (5/15)
 Temple: D:4-7

Altars:
Dithmenos


Innate Abilities, Weirdness & Mutations

You are resistant to torment.
Your stone body is resilient. (AC +4)
You are immune to poison.
You resist negative energy. (rN+)
You are resistant to electric shocks. (rElec)
You can survive without breathing.
You are immune to petrification.
You are immune to rotting.


Message History

Aiming: Sandblast (safe; 1% risk of failure)
Press: ? - help, Shift-Dir - straight line, f/p - orc
Aim: an orc, wielding a short sword of protection and wearing a chain mail The blast of sand hits the orc.
o - 136 stones The orc closely misses you.
You closely miss the orc.
The orc hits you with a short sword of protection.
* * * LOW HITPOINT WARNING * * *
The orc barely misses you.
You hit the orc but do no damage.
Your weapon exudes an aura of protection.
The orc hits you with a short sword of protection.
* * * LOW HITPOINT WARNING * * *
The orc closely misses you.
You hit the orc but do no damage. The orc closely misses you.
The orc hits you but does no damage.
You hit the orc but do no damage. The orc barely misses you.
The orc hits you with a short sword of protection.
You die...

.## ........
...##......
#........###
...$......#
#........##
#.......>.
#.))..#
#)@o# #####


You could see an orc.

Vanquished Creatures
  An ogre (D:4)
  A scorpion (D:4)
  A hound (D:4)
  2 orc priests
  An orc wizard (D:5)
  A worker ant (D:4)
  Crazy Yiuf (D:4)
  3 adders
  An ooze (D:2)
  A worm (D:2)
  A dart slug (D:1)
  9 orcs
  5 giant cockroaches
  7 goblins
  9 hobgoblins
  7 jackals
  2 quokkas
  A ball python (D:3)
  9 bats
  6 frilled lizards
  11 kobolds
  A leopard gecko skeleton (D:3)
  A quokka skeleton (D:4)
  9 rats
  A bush (D:4)
92 creatures vanquished.

Notes
Turn   | Place    | Note
-------+----------+-------------------------------------------
     0 | D:1      | Holzbalken the Gargoyle Earth Elementalist began the quest for the Orb.
     0 | D:1      | Reached XP level 1. HP: 10/10 MP: 3/3
   126 | D:1      | Reached skill level 4 in Earth Magic
   127 | D:1      | Reached XP level 2. HP: 15/15 MP: 0/5
   834 | D:1      | Reached XP level 3. HP: 18/19 MP: 6/6
  1065 | D:2      | Reached skill level 5 in Earth Magic
  1216 | D:2      | Learned a level 2 spell: Passwall
  1220 | D:2      | Learned a level 3 spell: Stone Arrow
  1343 | D:2      | Reached XP level 4. HP: 24/24 MP: 6/8
  1802 | D:2      | Found a shadowy altar of Dithmenos.
  2317 | D:3      | Reached skill level 1 in Conjurations
  2667 | D:3      | Reached XP level 5. HP: 12/28 MP: 4/9
  3213 | D:4      | Noticed an ogre
  3220 | D:4      | Killed an ogre
  3220 | D:4      | Reached skill level 6 in Earth Magic
  3337 | D:4      | Found a runed door.
  3341 | D:4      | Noticed Crazy Yiuf
  3346 | D:4      | Killed Crazy Yiuf
  3346 | D:4      | Reached XP level 6. HP: 25/32 MP: 5/11
  3939 | D:5      | Entered Level 5 of the Dungeon
  3944 | D:5      | Reached skill level 7 in Earth Magic
  3947 | D:5      | Reached XP level 7. HP: 17/36 MP: 4/12
  3956 | D:5      | Slain by an orc

Vault maps used:
D:1:      enne_arrival_octagon_isle
D:2:      lemuel_coloured_pillars_altar, minmay_tromino_v4_c
D:3:      first_ration
D:4:      uniq_crazy_yiuf_cottage
D:5:      serial_shops, shop, kennysheep_little_box, shop, shop

Skill      XL: |  1  2  3  4  5  6 |
---------------+-------------------+-----
Earth Magic    | 4 5 6 7 |  7.1
Conjurations   | 1 2 3 |  3.0
Spellcasting   | 3 |  3.8
Dodging        | |  1.5
Stealth        | |  2.1
Transmutations | |  0.7

Action                   |  1- 3 |  4- 6 |  7- 9 || total
-------------------------+-------+-------+-------++-------
Melee: Club              |    84 |   116 |       ||   200
       Morningstar       |       |    84 |       ||    84
       Mace              |       |    17 |     4 ||    21
 Cast: Sandblast         |    34 |    42 |     6 ||    82
       Stone Arrow       |       |     2 |       ||     2
  Use: Scroll            |       |     5 |       ||     5
 Stab: Sleeping          |       |     6 |       ||     6
  Eat: Chunk             |     2 |     6 |       ||     8
       Ration            |       |     1 |       ||     1
Armor: Robe              |    58 |   107 |     1 ||   166
Dodge: Dodged            |    87 |   199 |     8 ||   294

Table legend:
 A = Spawn XP
 B = Non-spawn XP
 C = Spawn XP percentage of total XP
 D = Spawn monster count
 E = Non-spawn monster count
 F = Spawn count percentage of total count
 G = Total turns spent on level
                    A         B        C        D         E        F      G
               +---------+---------+-------+---------+---------+-------+---------
         Total |       0 |     617 |   0.0 |       0 |      91 |   0.0 |  3956
               +---------+---------+-------+---------+---------+-------+---------
           D:1 |       0 |      42 |   0.0 |       0 |      24 |   0.0 |  1031
           D:2 |       0 |      61 |   0.0 |       0 |      19 |   0.0 |   920
           D:3 |       0 |      87 |   0.0 |       0 |      29 |   0.0 |  1049
           D:4 |       0 |     343 |   0.0 |       0 |      16 |   0.0 |   939
           D:5 |       0 |      84 |   0.0 |       0 |       3 |   0.0 |    17
               +---------+---------+-------+---------+---------+-------+---------
